 Dungeon Crawl Stone Soup version bcrawl-1.38.3 (webtiles) character file.

Game seed: 6409831469059886153

381570 MisterOstroum the Demolition Demonspawn (level 13, 0/104 HPs)
             Began as a Demonspawn Fighter on May 12, 2023.
             Was an Elder of Makhleb.
             Killed from afar by an electric eel (10 damage)
             ... with a bolt of electricity
             ... on level 11 of the Dungeon.
             The game lasted 00:48:45 (18569 turns).

MisterOstroum the Demolition Demonspawn (DsFi)     Turns: 18569, Time: 00:48:46

Health: 0/104      AC: 24    Str: 21    XL:     13   Next: 43%
Magic:  21/21      EV: 11    Int: 11    God:    Makhleb [****..]
Gold:   1276       SH:  0    Dex: 15    Spells: 16/16 levels left

rFire    . . .     GDR:     35% a - +3 trident
rCold    + . .     SeeInvis +   (no shield)
rNeg     . . .     Gourm    .   L - +0 plate armour
rPois    .         Faith    .   (helmet unavailable)
rElec    .         Spirit   .   h - +2 cloak
rCorr    .         Reflect  .   H - +0 pair of gloves
MR       .....                  (no boots)
Stlth    ..........             (no amulet)
HPRegen  0.27/turn              x - +4 ring of protection
MPRegen  0.17/turn              M - ring "Cecis" {Dex+3 Stlth--} (curse)

@: slowed, studying Armour, very slow
A: antennae 3, claws 1, talons 2, cold resistance 1, demonic guardian 1,
freezing cloud immunity
a: Minor Destruction, Hew, Major Destruction, Renounce Religion


You were on level 11 of the Dungeon.
You worshipped Makhleb.
Makhleb was greatly pleased with you.
You were near starving.

You visited 3 branches of the dungeon, and saw 17 of its levels.
You also visited: Bailey.

You collected 1276 gold pieces.

Inventory:

Hand Weapons
 a - a +3 trident (weapon)
 b - a +0 blowgun
 c - a +2 hand crossbow of venom
 d - the +10 executioner's axe "Cuecw" {chop, Stlth+}
   (You found it in a bailey)

   It will always inflict at least some extra damage.
   This minimum extra damage increases with your current reserve of magical
   power.
   It makes you more stealthy.
 K - the +4 serpentine sling {petrify}
   (You found it on level 5 of the Lair of Beasts)

   It can petrify creatures with low resistance to magic that it strikes.
Missiles
 f - 735 bolts
 i - 2 throwing nets {=f!f}
 q - 2543 stones (quivered)
 v - 469 poisoned needles
 D - 1197 arrows
 Q - 1129 sling bullets
 V - 75 poisoned tomahawks
 Z - 37 javelins
Armour
 h - a +2 cloak (worn)
 H - a +0 pair of gloves (worn)
 L - a +0 plate armour (worn)
 X - a +0 medium shield
Jewellery
 u - an uncursed ring of protection from cold
 x - a +4 ring of protection (left hand)
 M - the cursed ring "Cecis" (right hand) {Dex+3 Stlth--}
   (You found it on level 6 of the Dungeon)

   [ring of attention]

   It affects your dexterity (+3).
   It makes you much less stealthy.
   It has a curse placed upon it.
Wands
 n - a wand of flame (55)
 r - a wand of acid (4)
 N - a wand of iceblast (10)
 R - a wand of charming (9)
 U - a wand of polymorph (24)
Scrolls
 k - a scroll of silence {unknown}
 m - 4 scrolls of teleportation
 t - 10 scrolls of remove curse
 w - 2 scrolls of fear {!r}
 A - 2 scrolls of immolation {unknown}
 B - 3 scrolls of blinking {unknown}
 E - 4 scrolls of enchant weapon
 F - a scroll of vulnerability {unknown}
 I - a scroll of summoning {unknown}
 O - 3 scrolls of amnesia
 S - a scroll of torment {unknown}
 T - 4 scrolls of magic mapping {@r5 !r}
Potions
 g - 2 potions of lignification
 l - 3 potions of agility
 o - 2 potions of flight
 p - a potion of cancellation {unknown}
 s - 7 potions of curing {@q1 !q}
 y - a potion of might {@q3 !q}
 z - 4 potions of heal wounds
 C - a potion of brilliance {unknown}
 G - a potion of magic
 J - a potion of ambrosia
 P - 3 potions of haste
 W - 3 potions of mutation
Miscellaneous
 j - a lamp of fire
 Y - a sack of spiders
Comestibles
 e - 28 rations {!d}


   Skills:
 + Level 10.5 Fighting
 * Level 7.0(8.9) Axes
 * Level 8.3(9.5) Polearms
 + Level 11.1 Armour
 + Level 8.2 Dodging
 - Level 2.6 Shields
 - Level 3.7 Unarmed Combat
 - Level 2.1 Spellcasting
 + Level 11.2 Invocations
 - Level 7.0 Evocations


You had 16 spell levels left.
You didn't know any spells.
Your spell library contained the following spells:

 Spells                   Type           Power        Failure   Level  Hunger
 Apportation              Tloc           #.....       99%         1    None
 Corona                   Hex            #......      99%         1    None
 Flame Tongue             Conj/Fire      #....        99%         1    None
 Infusion                 Chrm           #.......     99%         1    None
 Magic Dart               Conj           #...         99%         1    None
 Sandblast                Erth           #.....       99%         1    None
 Slow                     Hex            #.......     99%         1    None
 Summon Butterflies       Summ           #.......     99%         1    None
 Flaming Arrows           Chrm/Fire      #.......     99%         2    ##.....
 Searing Ray              Conj           #.......     99%         2    ##.....
 Conjure Flame            Conj/Fire      #.......     100%        3    ####...
 Inner Flame              Hex/Fire       N/A          100%        3    ####...
 Iskenderun's Mystic Bla  Conj           #.......     100%        3    ####...
 Recall                   Summ/Tloc      N/A          100%        3    ####...
 Regeneration             Chrm/Necr      #.........   100%        3    ####...
 Animate Dead             Necr           N/A          100%        4    ######.
 Fulminant Prism          Conj/Hex       #.........   100%        4    ######.
 Sticky Flame             Conj/Fire      #.......     100%        4    ######.
 Dispel Undead            Necr           #.......     100%        5    #######
 Fireball                 Conj/Fire      #.........   100%        5    #######
 Irradiate                Conj/Tmut      #.........   100%        5    #######
 Death Channel            Chrm/Necr      #.........   100%        6    #######
 Simulacrum               Ice/Necr       #.......     100%        6    #######


Dungeon Overview and Level Annotations

Branches:
Dungeon (11/12)            Temple (1/1) D:6            Lair (5/6) D:9
 Shoals (0/3) Lair:4        Snake (0/3) Lair:3        Slime (0/5) Lair:5
    Orc (0/1) D:10
 Vaults: D:11-12

Altars:
Ashenzari
Cheibriados
Dithmenos
Fedhas
Gozag
Hepliaklqana
Kikubaaqudgha
Lugonu
Makhleb
Nemelex Xobeh
Okawaru
Qazlal
Ru
Sif Muna
Trog
Uskayaw
Vehumet
Wu Jian
Xom
Yredelemnul
Jiyva

Shops:
D:7 (   D:9 (

Annotations:
D:2 Sigmund
Lair:2 exclusion: oklob plant


Innate Abilities, Weirdness & Mutations

You have a pair of large antennae on your head. (SInv)
You have sharp fingernails.
You have razor-sharp toenails.
Your flesh is cold resistant. (rC+)
A weak demonic guardian rushes to your aid.
You are immune to freezing clouds.


Message History

The bolt of electricity hits you but does no damage.
The wraith hits you. The wraith drains your vigour!
You feel yourself slow down.
You hit the wraith but do no damage.
The wraith is lightly damaged.
The electric eel shoots out a bolt of lightning at you!
The bolt of electricity hits you! The wraith hits you.
The wraith drains your vigour!
You feel as though you will be slow longer.
The electric eel shoots out a bolt of lightning at you!
The bolt of electricity hits you!
You closely miss the wraith. You claw the wraith!
The wraith is moderately damaged.
The electric eel shoots out a bolt of lightning at you!
The bolt of electricity misses you. The wraith barely misses you.
The electric eel shoots out a bolt of lightning at you!
The bolt of electricity misses you.
The electric eel shoots out a bolt of lightning at you!
The bolt of electricity misses you.
The electric eel shoots out a bolt of lightning at you!
The bolt of electricity hits you! The wraith hits you but does no damage.
Press: ? - help, Shift-Dir - straight line, f - wraith
Aim: a wraith (moderately damaged)
The stone arrow hits the wraith!
The wraith is severely damaged.
Your ufetubus blinks!
The electric eel shoots out a bolt of lightning at you!
The bolt of electricity hits you but does no damage.
The wraith hits you but does no damage.
The electric eel shoots out a bolt of lightning at you!
The bolt of electricity hits you but does no damage.
Your ufetubus hits the wraith but does no damage.
Your ufetubus closely misses the wraith.
Press: ? - help, Shift-Dir - straight line, f/p - wraith
Aim: a wraith (severely damaged)
The puff of flame hits the wraith.
The wraith is almost destroyed.
Your ufetubus barely misses the wraith. x2
The wraith hits you but does no damage.
Your ufetubus hits the wraith but does no damage. x2
The wraith hits you. The wraith drains your vigour!
You feel as though you will be slow longer.
Press: ? - help, Shift-Dir - straight line, f/p - wraith
Aim: a wraith (almost destroyed)
The zap hits the wraith!
You destroy the wraith!
Makhleb accepts your kill.
You feel better.
The electric eel shoots out a bolt of lightning at you!
The bolt of electricity hits you.
Your ufetubus misses the electric eel.
Your ufetubus closely misses the electric eel.
The electric eel shoots out a bolt of lightning at you!
The bolt of electricity hits you. The bolt of electricity hits you!
The electric eel shoots out a bolt of lightning at you!
The bolt of electricity hits you!
The electric eel shoots out a bolt of lightning at you!
The bolt of electricity hits you but does no damage.
Your ufetubus misses the electric eel. Your ufetubus hits the electric eel.
Your ufetubus misses the electric eel.
Your ufetubus closely misses the electric eel.
The electric eel shoots out a bolt of lightning at you!
The bolt of electricity hits you!
The bolt of electricity hits you but does no damage.
The electric eel shoots out a bolt of lightning at you!
The bolt of electricity hits you! x2
* * * LOW HITPOINT WARNING * * *
Your ufetubus misses the electric eel. Your ufetubus hits the electric eel.
The electric eel shoots out a bolt of lightning at you!
The bolt of electricity hits you!
* * * LOW HITPOINT WARNING * * *
Evoke which item? (* to show all) (? for menu, Esc to quit)
Okay, then.
You feel much better.
Your ufetubus misses the electric eel. Your ufetubus hits the electric eel.
The electric eel shoots out a bolt of lightning at you!
The bolt of electricity hits you.
* * * LOW HITPOINT WARNING * * *
The bolt of electricity hits you.
* * * LOW HITPOINT WARNING * * *
The electric eel shoots out a bolt of lightning at you!
The bolt of electricity hits you but does no damage.
Your ufetubus hits the electric eel. x2
It was a potion of magic.
Magic courses through your body.
Your ufetubus barely misses the electric eel. x2
The electric eel shoots out a bolt of lightning at you!
The bolt of electricity hits you!
* * * LOW HITPOINT WARNING * * *
The electric eel shoots out a bolt of lightning at your ufetubus!
The bolt of electricity hits your ufetubus!
Your ufetubus dies!
The bolt of electricity hits your quasit! x2
Your quasit dies!
The electric eel shoots out a bolt of lightning at you!
The bolt of electricity misses you.
The electric eel shoots out a bolt of lightning at you!
The bolt of electricity hits you.
* * * LOW HITPOINT WARNING * * *
The electric eel shoots out a bolt of lightning at you!
The bolt of electricity hits you!
You die...

# ≈≈# ≈≈≈≈
≈≈≈≈≈
#≈≈≈≈≈#######
.≈≈≈≈≈;.@...#
.≈≈≈≈≈;.....#
.≈≈≈≈≈≈.....#
.≈≈≈≈≈≈;...Y#
.≈≈≈≈≈≈≈....#
.≈≈≈≈≈≈≈.....#
.≈≈≈≈≈≈≈.....#
.≈####≈≈......
## ##


You could see a yak and 3 electric eels.

Vanquished Creatures
  7 hydras
  Psyche (D:9)
  2 death yaks (Lair:3)
  2 ugly things
  3 black mambas
  2 elephants (Lair:4)
  7 cane toads
  A torpor snail (Lair:3)
  A rime drake (Lair:3)
  5 komodo dragons
  A polar bear (Lair:2)
  Maurice (D:9)
  6 hippogriffs
  9 blink frogs
  3 wraiths
  12 wyverns
  33 yaks
  4 basilisks
  2 hungry ghosts
  2 wargs (D:10)
  2 acid dragons
  A naga (Lair:3)
  3 crocodiles
  10 water moccasins
  7 porcupines
  2 sky beasts
  6 ice beasts
  11 orc warriors
  2 phantoms
  6 ogres
  A black bear (D:7)
  10 wolves
  12 bullfrogs
  2 kobold brigands
  9 centaurs
  5 scorpions
  3 wights
  6 orc priests
  An electric eel (Lair:1)
  3 howler monkeys
  4 crimson imps
  A bullfrog zombie (D:3)
  4 hounds
  A bullfrog skeleton (D:4)
  A human zombie (D:8)
  2 human skeletons (D:8)
  4 iguanas
  2 orc wizards
  10 worker ants
  2 ogre zombies (D:8)
  A mummy (D:8)
  A worker ant zombie (D:5)
  12 gnolls
  10 adders
  A howler monkey skeleton (D:9)
  A shadow imp (D:9)
  An ooze (D:3)
  An adder skeleton (D:7)
  5 worms
  A dart slug (D:2)
  3 leopard geckos
  50 orcs
  3 bats (D:1)
  4 giant cockroaches
  9 goblins
  6 hobgoblins
  5 jackals
  2 quokkas
  2 ball pythons
  3 frilled lizards
  14 kobolds
  2 orc zombies (D:8)
  7 rats
381 creatures vanquished.

Vanquished Creatures (collateral kills)
  A black mamba (Lair:2)
  A troll (D:7)
  A hog (Lair:1)
  A crocodile (Lair:2)
  A sky beast (D:5)
  2 orc warriors
  A necrophage (D:9)
  A bullfrog (D:6)
  A howler monkey (D:6)
  A bullfrog zombie (D:6)
  A crimson imp (D:9)
  3 hounds
  2 gnolls (D:7)
  2 adders (D:6)
  7 orcs
  A fungus (Lair:4)
27 creatures vanquished.

Vanquished Creatures (others)
  13 fungi
  15 plants
28 creatures vanquished.

Grand Total: 436 creatures vanquished

Notes
Turn   | Place    | Note
-------+----------+-------------------------------------------
     0 | D:1      | MisterOstroum the Demonspawn Fighter began the quest for
                  | the Orb.
     0 | D:1      | Reached XP level 1. HP: 18/18 MP: 1/1
   216 | D:1      | Gained mutation: A weak demonic guardian rushes to your
                  | aid. [demonic ancestry]
   216 | D:1      | Reached XP level 2. HP: 16/24 MP: 2/2
   993 | D:1      | Gained mutation: You have sharp toenails. [demonic
                  | ancestry]
   993 | D:1      | Reached XP level 3. HP: 29/29 MP: 3/3
  1221 | D:2      | Noticed Sigmund
  1706 | D:3      | Reached skill level 1 in Evocations
  1706 | D:3      | Gained mutation: Your flesh is cold resistant. (rC+)
                  | [demonic ancestry]
  1706 | D:3      | Reached XP level 4. HP: 35/35 MP: 4/4
  1935 | D:3      | Noticed a phantom
  1966 | D:3      | Killed a phantom
  1967 | D:3      | Reached XP level 5. HP: 34/41 MP: 5/7
  2241 | D:3      | Gained mutation: You are immune to freezing clouds.
                  | [demonic ancestry]
  2241 | D:3      | Reached XP level 6. HP: 45/47 MP: 8/8
  2243 | D:3      | Reached skill level 5 in Polearms
  2369 | D:4      | HP: 2/47 [poisoned by a worker ant]
  2798 | D:4      | Found a shattered altar of Ashenzari.
  3303 | D:4      | Gained mutation: You have sharp fingernails. [demonic
                  | ancestry]
  3303 | D:4      | Reached XP level 7. HP: 51/52 MP: 9/9
  3693 | D:4      | Found a corrupted altar of Lugonu.
  3810 | D:5      | Entered Level 5 of the Dungeon
  3950 | D:5      | Reached skill level 1 in Dodging
  4592 | D:5      | Gained mutation: You have a pair of small antennae on your
                  | head. [demonic ancestry]
  4592 | D:5      | Reached XP level 8. HP: 48/61 MP: 10/10
  4692 | D:5      | Reached skill level 5 in Fighting
  5132 | D:6      | Found a radiant altar of Vehumet.
  5132 | D:6      | Found a shimmering altar of Xom.
  5147 | D:5      | Reached skill level 1 in Unarmed Combat
  5549 | D:6      | Found a basalt altar of Yredelemnul.
  5686 | D:6      | Reached XP level 9. HP: 71/71 MP: 11/11
  5697 | D:6      | Got a transparent glass ring
  5735 | D:6      | Found a staircase to the Ecumenical Temple.
  5780 | D:6      | Found a stormy altar of Qazlal.
  5806 | Temple   | Entered the Ecumenical Temple
  5813 | Temple   | Became a worshipper of Makhleb the Destroyer
  5935 | D:6      | Reached skill level 5 in Armour
  5935 | D:6      | Reached skill level 1 in Invocations
  6074 | D:6      | Found a shadowy altar of Dithmenos.
  6436 | D:6      | Found an iron altar of Okawaru.
  6488 | D:7      | Noticed a troll
  6498 | D:7      | Found Zaff's Weapon Shop.
  6562 | D:7      | Reached * piety under Makhleb
  6567 | D:7      | Found a flagged portal.
  6579 | Bailey   | Entered a bailey
  7201 | Bailey   | Reached skill level 5 in Invocations
  7957 | Bailey   | Reached ** piety under Makhleb
  7966 | Bailey   | Reached XP level 10. HP: 55/80 MP: 14/14
  8296 | Bailey   | Got an ebony executioner's axe
  8309 | Bailey   | Identified the cursed ring "Cecis" {Dex+3 Stlth--} (You
                  | found it on level 6 of the Dungeon)
  8664 | D:7      | Reached skill level 5 in Dodging
  9423 | D:8      | Found a glowing golden altar of the Shining One.
  9589 | D:8      | Reached *** piety under Makhleb
  9657 | D:8      | Found an ancient bone altar of Kikubaaqudgha.
  9760 | D:8      | Found a sacrificial altar of Ru.
  9951 | D:9      | Noticed Maurice
  9975 | D:9      | Killed Maurice
  9976 | D:9      | Reached skill level 5 in Evocations
 10355 | D:9      | Found a burning altar of Makhleb.
 10425 | D:9      | Identified the +10 executioner's axe "Cuecw" {chop, Stlth+}
                  | (You found it in a bailey)
 10437 | D:9      | Noticed a cyan ugly thing
 10448 | D:9      | Killed a cyan ugly thing
 10449 | D:9      | Gained mutation: You have a pair of antennae on your head.
                  | [demonic ancestry]
 10449 | D:9      | Reached XP level 11. HP: 62/89 MP: 16/16
 10582 | D:9      | Found a staircase to the Lair.
 10729 | D:9      | Found Uther's Antique Weapon Shoppe.
 10774 | D:9      | Noticed Psyche
 11008 | D:9      | Killed Psyche
 11009 | D:9      | Reached skill level 1 in Axes
 11397 | D:10     | Entered Level 10 of the Dungeon
 11397 | D:10     | Found an iron altar of Okawaru.
 11458 | D:10     | Found a staircase to the Orcish Mines.
 11683 | D:10     | Noticed a purple ugly thing
 11697 | D:10     | Killed a purple ugly thing
 11760 | D:10     | Noticed a death knight
 11971 | Lair:1   | Entered Level 1 of the Lair of Beasts
 12029 | Lair:1   | Noticed Sonja
 12030 | Lair:1   | Noticed Sonja
 12030 | Lair:1   | Sonja changed into Sonja the hog
 12033 | Lair:1   | Killed Sonja the hog
 12232 | Lair:1   | Noticed a four-headed hydra
 12254 | Lair:1   | Killed a four-headed hydra
 12386 | Lair:1   | Got an opalescent robe
 12427 | Lair:1   | Noticed a five-headed hydra
 12459 | Lair:1   | Killed a five-headed hydra
 12871 | Lair:1   | Gained mutation: You have razor-sharp toenails. [demonic
                  | ancestry]
 12871 | Lair:1   | Reached XP level 12. HP: 97/97 MP: 19/19
 13450 | Lair:2   | Reached skill level 10 in Fighting
 13528 | Lair:2   | Reached skill level 1 in Spellcasting
 13583 | Lair:2   | Reached **** piety under Makhleb
 13684 | Lair:2   | Reached skill level 10 in Invocations
 14145 | Lair:3   | Reached skill level 10 in Armour
 14369 | Lair:3   | Reached skill level 5 in Axes
 14491 | Lair:3   | Noticed a death yak
 14559 | Lair:3   | Noticed a four-headed hydra
 14560 | Lair:3   | Noticed a death yak
 14579 | Lair:3   | Killed a four-headed hydra
 14769 | Lair:3   | Killed a death yak
 14772 | Lair:3   | Killed a death yak
 14921 | Lair:3   | Found a staircase to the Snake Pit.
 15016 | Lair:3   | Noticed a six-headed hydra
 15716 | Lair:4   | Gained mutation: You have a pair of large antennae on your
                  | head. (SInv) [demonic ancestry]
 15716 | Lair:4   | Reached XP level 13. HP: 103/103 MP: 21/21
 16314 | Lair:4   | Found a staircase to the Shoals.
 16648 | Lair:5   | Found a viscous altar of Jiyva.
 16648 | Lair:5   | Found a staircase to the Slime Pits.
 17205 | Lair:5   | Found the +4 serpentine sling {petrify}
 18301 | Lair:3   | Found a staircase to the Snake Pit.
 18569 | D:11     | Killed from afar by an electric eel

Skill      XL: |  1  2  3  4  5  6  7  8  9 10 11 12 13 |
---------------+----------------------------------------+-----
Polearms       | 2 3 4 6 7 8 |  8.3
Evocations     | 1 2 3 5 6 7 |  7.0
Armour         | 3 4 5 7 9 10 11 | 11.1
Dodging        | 2 3 4 6 7 8 |  8.2
Fighting       | 4 6 7 9 10 | 10.5
Unarmed Combat | 2 3 |  3.7
Invocations    | 5 7 9 10 11 | 11.2
Axes           | 3 6 7 |  7.0
Spellcasting   | 2 |  2.1
Shields        | |  2.6

Action                   |  1- 3 |  4- 6 |  7- 9 | 10-12 | 13-15 || total
-------------------------+-------+-------+-------+-------+-------++-------
Melee: Trident           |   122 |   127 |   396 |   451 |    79 ||  1175
       Kick              |    11 |    24 |    65 |   181 |    29 ||   310
       Executioner's axe |       |       |       |   145 |       ||   145
       Punch             |       |       |       |     3 |     1 ||     4
       Unarmed           |       |       |       |     2 |       ||     2
 Fire: Hand crossbow     |       |       |       |    11 |       ||    11
       Blowgun           |       |       |       |    18 |       ||    18
Throw: Stone             |     6 |    34 |   162 |   116 |    16 ||   334
       Tomahawk          |       |       |       |    10 |       ||    10
       Throwing net      |       |       |       |     2 |       ||     2
       Javelin           |       |       |       |     1 |       ||     1
Invok: Minor Destruction |       |       |   121 |   163 |   153 ||   437
       Hew               |       |       |       |    17 |       ||    17
       Major Destruction |       |       |       |       |     3 ||     3
Evoke: Wand              |       |       |     1 |    13 |       ||    14
  Use: Potion            |       |     1 |       |       |     2 ||     3
       Scroll            |       |       |     9 |     4 |     4 ||    17
 Stab: Distracted        |     1 |       |     2 |     4 |     2 ||     9
       Sleeping          |       |       |       |       |     1 ||     1
  Eat: Chunk             |     6 |     9 |    27 |    40 |     8 ||    90
       Ration            |       |       |     1 |     3 |       ||     4
Armor: Scale mail        |    43 |    40 |    86 |       |       ||   169
       Plate armour      |       |       |   125 |   382 |   120 ||   627
Dodge: Dodged            |    30 |    30 |   167 |   247 |    61 ||   535
Block: Medium shield     |     1 |       |       |       |       ||     1
